 Dungeon Crawl Stone Soup version 0.31-a0-1611-g890cdf5628 (webtiles) character file.

Game seed: 11050342511330723402

76 Fodor the Covered (level 4, -1/40 HPs)
             Began as a Minotaur Fighter on Jan 8, 2024.
             Succumbed to Sigmund's poison
             ... on level 2 of the Dungeon.
             The game lasted 00:05:44 (1165 turns).

Fodor the Covered (Minotaur Fighter)                Turns: 1165, Time: 00:05:45

Health: -1/40      AC:  8    Str: 22    XL:     4   Next: 12%
Magic:  3/3        EV:  9    Int:  5    God:
Gold:   30         SH:  5    Dex: 13    Spells: 3/3 levels left

rFire   . . .        a - +0 war axe
rCold   . . .        c - +0 buckler
rNeg    . . .        b - +0 scale mail
rPois   .            (helmet restricted)
rElec   .            j - +0 cloak "Elox" {Dex+3}
rCorr   .            (no gloves)
SInv    .            (no boots)
Will    .....        (no amulet) Stlth
                     (no ring)
HPRegen 0.26/turn    (no ring)
MPRegen 0.08/turn

%: no passive effects
@: lethally poisoned (-1 -> -8)
A: horns 2, retaliatory headbutt
a: no special abilities


You were on level 2 of the Dungeon.
You visited 1 branch of the dungeon, and saw 2 of its levels.

You collected 30 gold pieces.

Inventory:

Hand Weapons
 a - a +0 war axe (weapon)
Armour
 b - a +0 scale mail (worn)
 c - a +0 buckler (worn)
 j - the +0 cloak "Elox" (worn) {Dex+3}
   (You found it on level 2 of the Dungeon)

   Dex+3:     It affects your dexterity (+3).
Talismans
 f - a serpent talisman
Scrolls
 h - a scroll of teleportation {unknown}
 i - a scroll of fear {unknown}
 k - a scroll of enchant weapon {unknown}
Potions
 d - a potion of might
 e - a potion of enlightenment {unknown}
 g - a potion of magic {unknown}
 l - a potion of invisibility {unknown}


   Skills:
 + Level 4.2 Fighting
 + Level 3.4 Axes
 + Level 4.3 Armour
 + Level 0.6 Dodging
 + Level 4.2 Shields


You had 3 spell levels left.
You didn't know any spells.
Your spell library contained the following spells:

 Spells                   Type           Power      Damage    Failure   Level
 Apportation              Tloc           0%         N/A       86%         1
 Freeze                   Ice            0%         1d3       86%         1
 Jinxbite                 Hex            0%         N/A       94%         2
 Frozen Ramparts          Ice            0%         1d1       99%         3
 Hailstorm                Conj/Ice       0%         3d5       99%         3
 Alistair's Intoxication  Alch           0%         N/A       100%        5


Dungeon Overview and Level Annotations

Branches:
Dungeon (2/15)

Altars:

Annotations:
D:2 Sigmund


Innate Abilities, Weirdness & Mutations

You have a pair of horns on your head.
You reflexively headbutt those who attack you in melee.


Message History

You block the puff of flame.
You hit Sigmund.
Sigmund is lightly wounded.
Sigmund barely misses you.
You slash Sigmund!
Sigmund is heavily wounded.
Sigmund casts a spell.
Sigmund flickers and vanishes!
Deactivating autopickup; reactivate with Ctrl-A.
You miss something. Something hits you.
You barely miss something. Your headbutt misses something. Something hits you.
You are poisoned.
You completely miss something.
You feel sick. Something hits you.
You are more poisoned.
You miss something.
You feel very sick.
You hear some strange, mumbled words.
A magic dart appears from out of thin air!
The magic dart hits you.
You miss something.
You feel very sick. Something hits you but does no damage.
You are more poisoned.
You barely miss something.
You feel very sick. Something hits you!
* * * LOW HITPOINT WARNING * * *
You slash something! Your headbutt misses something.
* * * LOW HITPOINT WARNING * * *
You feel very sick. Something hits you but does no damage.
You closely miss something.
* * * LOW HITPOINT WARNING * * *
You feel sick.
You hear some strange, mumbled words.
A puff of flame appears from out of thin air!
The puff of flame hits you.
* * * LOW HITPOINT WARNING * * *
You closely miss something.
You die...

#......#
#......#
#......#
#......#
#......# #
#......#
#.#.{....#
#.#.@....#
#........#
###....###
##...# #..##
#######..# #
.........# #
##.......# #
###..#..######


There were no monsters in sight!

Vanquished Creatures
  An orc wizard (D:2)
  2 adders (D:2)
  A dart slug (D:1)
  2 orcs (D:2)
  A giant cockroach (D:2)
  4 goblins (D:1)
  4 hobgoblins (D:1)
  4 jackals (D:1)
  A ball python (D:1)
  3 bats
  A frilled lizard (D:1)
  4 rats
28 creatures vanquished.

Notes
Turn   | Place    | Note
-------+----------+-------------------------------------------
     0 | D:1      | Fodor the Minotaur Fighter began the quest for the Orb.
     0 | D:1      | Reached XP level 1. HP: 19/19 MP: 0/0
   270 | D:1      | Reached XP level 2. HP: 27/27 MP: 1/1
   739 | D:2      | Reached XP level 3. HP: 33/33 MP: 2/2
   821 | D:2      | Identified the +0 cloak "Elox" {Dex+3}
   958 | D:2      | Reached XP level 4. HP: 27/40 MP: 3/3
  1151 | D:2      | Noticed Sigmund
  1164 | D:2      | HP: 1/40 [something/puff of flame (4)]
  1165 | D:2      | Succumbed to Sigmund's poison

Illustrated notes

Levels and vault maps discovered:
D:1:      dpeg_arrival_rooms_b, layout_loops_ring, hex_large
D:2:      layout_rooms, minivault_14, uniq_terence, uniq_sigmund

Skill      XL: |  1  2 |
---------------+-------+-----
Fighting       | 4 |  4.2
Armour         | 4 |  4.3
Shields        | 4 |  4.2
Axes           | 3 |  3.4
Dodging        | |  0.6

Action                     |  1- 3 |  4- 6 || total
---------------------------+-------+-------++-------
  Melee: War axe           |    63 |    15 ||    78
         Headbutt          |     7 |       ||     7
 Armour: Scale mail        |    52 |    10 ||    62
  Dodge: Dodged            |    36 |     2 ||    38
  Block: Buckler           |    21 |     2 ||    23

Table legend: (Time is in decaauts)
 A = Elapsed time spent in this place.
 B = Non-inter-level travel time spent in this place.
 C = Inter-level travel time spent in this place.
 D = Time resting spent in this place.
 E = Time spent auto-exploring this place.
 F = Levels seen in this place.
 G = Mean time per level.
                   A        B        C        D        E       F      G
               +--------+--------+--------+--------+--------+-----+--------+
         Total |   1196 |   1181 |     15 |    186 |      0 |   2 |  598.0 |
       Dungeon |   1196 |   1181 |     15 |    186 |      0 |   2 |  598.0 |
               +--------+--------+--------+--------+--------+-----+--------+

Top non-repeatable levels by time:
     D:1: 724 daAuts
     D:2: 471 daAuts
